[Event "ICC Open 2015"]
[Site "Internet Chess Club"]
[Date "2015.05.29"]
[Round "2"]
[White "MadMad"]
[Black "waynehatcher"]
[Result "0-1"]
[ICCResult "White forfeits on time"]
[WhiteElo "1281"]
[BlackElo "1711"]
[Opening "QGD semi-Slav"]
[ECO "D43"]
[NIC "SL.01"]
[Time "19:12:14"]
[TimeControl "180+0"]

1. d4 d5 2. c4 c6 3. Nf3 e6 4. Nc3 Nf6 5. g3 Bd6 6. Bg2 O-O 7. O-O a6 8. Nd2
Nbd7 9. e4 dxe4 10. Ndxe4 Nxe4 11. Nxe4 Be7 12. Bf4 Nf6 13. Nc3 Qd7 14. c5
Rd8 15. Be5 Nd5 16. Qg4 Bf6 17. Nxd5 Bxe5 18. Nb6 Qe7 19. Nxa8 Bxd4 20. Nb6
Bxc5 21. Nc4 Ba7 22. Rfd1 Bd7 23. Ne5 Bb8 24. Nxd7 Rxd7 25. Rxd7 Qxd7 26.
Rd1 Qe7 27. Qd4 Bc7 28. Qd7 Kf8 29. Qxe7+ Kxe7 30. Be4 f6 31. Bxh7 f5 32.
Bg6 Be5 33. b3 Kf6 34. Be8 c5 35. Bd7 Bd4 36. Bc8 b6 37. Bxa6 Ke5 38. Bc4
Kd6 39. Re1 e5 40. Kg2 e4 41. h4 Ke5 42. h5 Kf6 43. Kh3 Kg5 44. Bf7 Kf6 45.
Bg6 Kg5 46. Kg2 Kf6 47. Kh3 Ke5 48. Kh4 Kf6 49. Re2 Ke5 50. Kg5 b5 51. Bxf5
Kd6 52. Rxe4 b4 53. Re6+ Kc7 54. Kg6 Kb7 55. Re7+ Kc6 56. Rxg7 Kd6 57. Rg8
Ke5 58. Rd8 Bc3 {White forfeits on time} 0-1

[Event "ICC Open 2015"]
[Site "Internet Chess Club"]
[Date "2015.05.29"]
[Round "2"]
[White "receipt"]
[Black "Doondoon"]
[Result "0-1"]
[ICCResult "White forfeits on time"]
[WhiteElo "1056"]
[BlackElo "1697"]
[Opening "Old Benoni defense"]
[ECO "A46"]
[NIC "QP.06"]
[Time "19:12:54"]
[TimeControl "180+0"]

1. Nf3 Nf6 2. d4 c5 3. d5 e6 4. dxe6 fxe6 5. c4 d5 6. cxd5 exd5 7. Nc3 Be6
8. Bg5 d4 9. Ne4 Be7 10. Nxf6+ Bxf6 11. Bxf6 Qxf6 12. g3 O-O 13. Bg2 Nc6 14.
O-O Rad8 15. Rc1 b6 16. a3 Ne5 17. b4 Rc8 18. bxc5 bxc5 19. Nd2 Qe7 20. f4
Nd7 21. Ne4 Nb6 22. Qc2 c4 23. Rfd1 Rfd8 24. e3 d3 25. Qc3 Nd5 26. Qa5 Nxe3
27. Rd2 Nxg2 28. Kxg2 Bd5 29. Re1 Bxe4+ 30. Kg1 c3 31. Rxd3 Rxd3 32. Qa6
Rcd8 33. Kf2 Qc5+ 34. Kf1 Rf3+ 35. Kg2 Qf2+ 36. Kh3 Bf5+ 37. Kh4 Qxh2+ 38.
Kg5 Qxg3+ 39. Kxf5 Rxf4+ 40. Ke6 Re8+ 41. Kd7 Rxe1 42. Qc8+ Rf8 43. Qc4+ Kh8
{White forfeits on time}
0-1

[Event "ICC Open 2015"]
[Site "Internet Chess Club"]
[Date "2015.05.29"]
[Round "2"]
[White "MaestroASK"]
[Black "kingmate"]
[Result "1-0"]
[ICCResult "Black resigns"]
[WhiteElo "2587"]
[BlackElo "1964"]
[Opening "Benko's opening"]
[ECO "A00"]
[NIC "VO.09"]
[Time "19:12:44"]
[TimeControl "180+0"]

1. g3 Nf6 2. Bg2 e6 3. d3 d5 4. e4 dxe4 5. dxe4 Qxd1+ 6. Kxd1 e5 7. f3 Bd6
8. Bh3 Bxh3 9. Nxh3 Nc6 10. Nf2 h5 11. h4 g6 12. Nd3 Nd7 13. Be3 Nb4 14.
Nxb4 Bxb4 15. Ke2 Ke7 16. Rd1 c6 17. c3 Bd6 18. a4 Rhd8 19. Na3 Bc7 20. Nc4
f6 21. b4 b6 22. b5 c5 23. Bd2 Nf8 24. Ne3 Ne6 25. Nd5+ Kf7 26. Be3 Rd7 27.
a5 bxa5 28. Nxc7 Rxc7 29. Rxa5 Rb7 30. Rda1 Ke7 31. Kd3 Kd7 32. Kc4 Kd6 33.
Ra6+ Kd7 34. Rd1+ Ke7 35. Rdd6 Nc7 36. Rac6 Nxb5 37. Rxf6 Kd7 38. Bxc5 Re8
39. Rxg6 a5 40. Ra6 Nc7 41. Rg7+ Kc8 42. Rxa5 Rb2 43. Ra7 Ne6 44. Ra8+ Rb8
45. Rxb8+ Kxb8 46. Bd6+ Kc8 47. Ra7 Rd8 48. Ra8+ Kd7 49. Rxd8+ Kxd8 50. Bxe5
Kd7 51. Kd5 Nd8 52. f4 Nf7 53. f5 Nh6 54. Bf4 Ng4 55. e5 Ne3+ 56. Bxe3
{Black resigns}
1-0

[Event "ICC Open 2015"]
[Site "Internet Chess Club"]
[Date "2015.05.29"]
[Round "2"]
[White "Ira57"]
[Black "HardAsfalt"]
[Result "0-1"]
[ICCResult "White forfeits on time"]
[WhiteElo "1924"]
[BlackElo "1661"]
[Opening "Queen's pawn game"]
[ECO "D05"]
[NIC "QP.07"]
[Time "19:12:24"]
[TimeControl "180+0"]

1. d4 Nf6 2. e3 e6 3. Nf3 d5 4. b3 c5 5. Bb2 Nc6 6. Bd3 a6 7. O-O b5 8. c4
bxc4 9. bxc4 Nb4 10. Be2 cxd4 11. Nxd4 Bc5 12. Nd2 a5 13. a3 Bxd4 14. Bxd4
Nc6 15. Bc5 Ba6 16. Qa4 Qc7 17. Rac1 Nd7 18. Bd4 Nxd4 19. exd4 Qf4 20. Nf3
Rd8 21. Qxa5 Bxc4 22. Bxc4 dxc4 23. Rxc4 O-O 24. Rfc1 Nf6 25. h3 Ne4 26. Qe1
h5 27. a4 h4 28. Qe3 Qf5 29. Nxh4 Qh7 30. Nf3 Nd6 31. R4c2 Nf5 32. Qf4 Nh6
33. Ra2 Nf5 34. a5 Rc8 35. a6 Rxc1+ 36. Kh2 Rcc8 37. a7 Ne7 38. Qd6 Qf5 39.
Qxe7 Qf4+ 40. g3 Qxf3 41. Qb4 Ra8 42. h4 Qe4 43. h5 Qd5 {White forfeits on
time} 0-1

[Event "ICC Open 2015"]
[Site "Internet Chess Club"]
[Date "2015.05.29"]
[Round "2"]
[White "cap78red"]
[Black "paraguayo"]
[Result "0-1"]
[ICCResult "White forfeits on time"]
[WhiteElo "1341"]
[BlackElo "1756"]
[Opening "English: four knights, kingside fianchetto"]
[ECO "A29"]
[NIC "EO.04"]
[Time "19:12:34"]
[TimeControl "180+0"]

1. c4 e5 2. Nc3 Nf6 3. Nf3 Nc6 4. g3 d6 5. e4 Be7 6. Bg2 O-O 7. d3 Bg4 8. h3
Bh5 9. g4 Bg6 10. O-O a6 11. Bg5 Nd7 12. Bxe7 Nxe7 13. Nd5 c6 14. Nxe7+ Qxe7
15. Qd2 Rad8 16. h4 h5 17. g5 Nc5 18. Ne1 Ne6 19. Bh3 Nf4 20. Bf5 Bxf5 21.
exf5 d5 22. Ng2 dxc4 23. Nxf4 exf4 24. Qxf4 cxd3 25. f6 Qd6 26. Qf3 g6 27.
Rfd1 Rfe8 28. Rd2 Qd4 29. Rad1 Qxh4 30. Rxd3 Rxd3 31. Rxd3 Re1+ 32. Kg2 Qh1+
33. Kg3 h4+ 34. Kf4 Qh2+ 35. Kg4 Rg1+ 36. Qg3 hxg3 37. fxg3 Qh5+ 38. Kf4
Rf1+ 39. Ke4 Qg4+ 40. Ke3 Re1+ 41. Kd2 Re2+ 42. Kc3 Qxg5 43. Rd8+ Kh7 44.
Rd3 Qc5+ 45. Kb3 Re3 46. Rxe3 Qxe3+ 47. Ka4 Qxg3 48. b4 Qe5 49. a3 Qxf6 50.
Ka5 Qe5+ {White forfeits on time} 0-1

[Event "ICC Open 2015"]
[Site "Internet Chess Club"]
[Date "2015.05.29"]
[Round "2"]
[White "Crostallion"]
[Black "hatorade"]
[Result "0-1"]
[ICCResult "White forfeits on time"]
[WhiteElo "1362"]
[BlackElo "1881"]
[Opening "Sicilian: Grand Prix attack"]
[ECO "B21"]
[NIC "SI.48"]
[Time "19:12:16"]
[TimeControl "180+0"]

1. e4 c5 2. f4 d5 3. exd5 Qxd5 4. Qf3 Nf6 5. Nc3 Qxf3 6. Nxf3 Nc6 7. d3 g6
8. g3 a6 9. Bg2 Bg7 10. O-O O-O 11. h3 Be6 12. Be3 c4 13. d4 Nd5 14. Bf2 b5
15. Nxd5 Bxd5 16. c3 Rab8 17. Rfe1 b4 18. Ne5 Bxg2 19. Kxg2 Nxe5 20. dxe5
Rfd8 21. Re2 bxc3 22. bxc3 Rd3 23. Bd4 e6 24. Kf2 Bf8 25. Re3 Rb2+ 26. Kf3
Rdd2 27. Rf1 Rxa2 28. Re4 h5 29. Rf2 Rxf2+ 30. Bxf2 Rc2 31. Rxc4 a5 32. Rc8
Kg7 33. Bd4 a4 34. Ra8 a3 35. Ke3 h4 36. gxh4 Rh2 37. c4 Rxh3+ 38. Kd2 Bb4+
39. Kc2 Rxh4 40. c5 Rxf4 41. c6 Rxd4 42. c7 Rc4+ 43. Kb3 Rxc7 44. Kxb4 a2
45. Rxa2 Rb7+ 46. Kc4 Rc7+ 47. Kd3 Rd7+ 48. Ke4 Rd5 {White forfeits on time}
0-1

[Event "ICC Open 2015"]
[Site "Internet Chess Club"]
[Date "2015.05.29"]
[Round "2"]
[White "Red-white"]
[Black "Parsifal"]
[Result "1-0"]
[ICCResult "Black resigns"]
[WhiteElo "3193"]
[BlackElo "2418"]
[Opening "Queen's Pawn"]
[ECO "A41"]
[NIC "QO.17"]
[Time "19:13:24"]
[TimeControl "180+0"]

1. d4 d6 2. Nf3 g6 3. e4 Bg7 4. c4 a6 5. Nc3 Nf6 6. Be2 O-O 7. O-O Nbd7 8.
e5 Ne8 9. Bf4 c5 10. exd6 Nxd6 11. d5 Nf6 12. Re1 Bd7 13. Rc1 b5 14. b3 Rb8
15. h3 Re8 16. Bf1 Qa5 17. Be5 bxc4 18. bxc4 Rbd8 19. Qd2 Nf5 20. Ne4 Qxd2
21. Nexd2 Nd6 22. Nb3 Rc8 23. Na5 Bh6 24. Rb1 Rb8 25. Bd3 Kf8 26. g4 Bg7 27.
Kg2 Rec8 28. Rb3 h5 29. g5 Nfe8 30. Bxg7+ Nxg7 31. Ne5 Ba4 32. Ra3 Be8 33.
Nec6 Bxc6 34. Nxc6 Rb7 35. Rxa6 Ngf5 36. Ra5 Rb2 37. Re2 Rxe2 38. Bxe2 Nd4
39. Nxd4 cxd4 40. c5 Nb7 41. Ra4 Nxc5 42. Rc4 Nb7 43. Rxc8+ {Black resigns}
1-0

[Event "ICC Open 2015"]
[Site "Internet Chess Club"]
[Date "2015.05.29"]
[Round "2"]
[White "Smokie"]
[Black "jakemate"]
[Result "0-1"]
[ICCResult "White forfeits on time"]
[WhiteElo "1411"]
[BlackElo "1840"]
[Opening "King's Indian: fianchetto, Uhlmann (Szabo) variation"]
[ECO "E62"]
[NIC "KI.72"]
[Time "19:12:50"]
[TimeControl "180+0"]

1. c4 Nf6 2. Nc3 g6 3. g3 Bg7 4. Bg2 d6 5. Nf3 O-O 6. d4 Nc6 7. O-O e5 8. d5
Ne7 9. e4 Nd7 10. Bg5 h6 11. Bxe7 Qxe7 12. Nd2 a5 13. a4 Nc5 14. Qe2 f5 15.
f4 exf4 16. gxf4 g5 17. e5 dxe5 18. fxe5 Bxe5 19. Nf3 Bd6 20. Rae1 Qg7 21.
Ne5 f4 22. Nb5 Bf5 23. Qh5 Nd3 24. Nxd6 cxd6 25. Nxd3 Bxd3 26. Rf2 Bxc4 27.
Re6 Rf6 28. Re8+ Rxe8 29. Qxe8+ Qf8 30. Qe4 Bb3 {White forfeits on time} 0-1

[Event "ICC Open 2015"]
[Site "Internet Chess Club"]
[Date "2015.05.29"]
[Round "2"]
[White "RichardZ"]
[Black "ALexiz"]
[Result "0-1"]
[ICCResult "White forfeits on time"]
[WhiteElo "1390"]
[BlackElo "1781"]
[Opening "Sicilian: Najdorf"]
[ECO "B90"]
[NIC "SI.14"]
[Time "19:12:39"]
[TimeControl "180+0"]

1. e4 c5 2. Nf3 d6 3. d4 cxd4 4. Nxd4 Nf6 5. Nc3 a6 6. Bd3 e5 7. Nf3 Be6 8.
Be3 Be7 9. h3 O-O 10. O-O Nbd7 11. Qe2 b5 12. a3 Nc5 13. Bxc5 dxc5 14. Rad1
Qc7 15. Qe3 c4 16. Be2 h6 17. Rfe1 Bc5 18. Qc1 Rfd8 19. Rxd8+ Rxd8 20. Rd1
Rd7 21. Rxd7 Nxd7 22. Qd2 Nf6 23. Qd1 b4 24. axb4 Bxb4 25. Nd2 Bxc3 26. bxc3
a5 27. Qa1 g6 28. Qa4 Kg7 29. Bxc4 Bxc4 30. Qxc4 Qxc4 31. Nxc4 Nxe4 32. Nxa5
Nxc3 33. Nc4 f6 34. f3 Kf7 35. Kf2 Ke6 36. Ke3 Kd5 37. Kd3 Nb5 38. c3 f5 39.
Nb6+ Kc5 40. Nd7+ Kd6 41. Nb6 g5 42. Nc4+ Ke6 43. Ne3 Nd6 44. c4 Nb7 45. Nd5
Nc5+ 46. Ke3 e4 47. Nc7+ Ke5 48. Nb5 exf3 49. gxf3 f4+ 50. Ke2 h5 51. Kf2
Nd3+ 52. Ke2 Nb2 53. Na3 Kd4 54. Kd2 Nxc4+ 55. Nxc4 Kxc4 56. Kc2 Kd4 57. Kd2
Ke5 58. Kd3 Kf5 59. Kd4 g4 60. hxg4+ hxg4 61. fxg4+ Kxg4 62. Kd3 Kg3 63. Ke2
f3+ 64. Kf1 f2 65. Ke2 Kg2 66. Ke3 f1=Q 67. Ke4 Qf6 {White forfeits on time}
0-1

[Event "ICC Open 2015"]
[Site "Internet Chess Club"]
[Date "2015.05.29"]
[Round "2"]
[White "dondoctor"]
[Black "JrTorres"]
[Result "1-0"]
[ICCResult "Black checkmated"]
[WhiteElo "2008"]
[BlackElo "1507"]
[Opening "Queen's pawn"]
[ECO "A40"]
[NIC "QO.17"]
[Time "19:13:22"]
[TimeControl "180+0"]

1. d4 e6 2. Nf3 d5 3. e3 f5 4. Bd3 Nf6 5. b3 Bd6 6. c4 O-O 7. Ba3 c6 8. Bxd6
Qxd6 9. Qc1 Ne4 10. Qa3 Qd8 11. Qb2 Nd7 12. O-O Qf6 13. Ne5 Nxe5 14. dxe5
Qh6 15. f4 g5 16. Bxe4 fxe4 17. Qd2 gxf4 18. exf4 b6 19. Qe3 Ba6 20. Rf2 Rf7
21. cxd5 cxd5 22. Nd2 Rc8 23. b4 Rcf8 24. g3 Rc8 25. Nb3 Rfc7 26. Nd4 Bd3
27. g4 Rc3 28. Qd2 Qh4 29. f5 Qxg4+ 30. Rg2 exf5 31. Rxg4+ fxg4 32. Qg5+ Kh8
33. Qf6+ Kg8 34. Ne6 R3c7 35. Nxc7 Rxc7 36. Qd8+ Kg7 37. Qxc7+ Kg6 38. Qd6+
Kh5 39. Qf6 e3 40. Re1 e2 41. e6 Bg6 42. Rxe2 d4 43. Re5+ Kh6 44. e7 d3 45.
e8=Q d2 46. Qef8# {Black checkmated} 1-0

[Event "ICC Open 2015"]
[Site "Internet Chess Club"]
[Date "2015.05.29"]
[Round "2"]
[White "NietzscheBac"]
[Black "Revolutions"]
[Result "0-1"]
[ICCResult "White forfeits on time"]
[WhiteElo "1653"]
[BlackElo "1949"]
[Opening "King's Indian: 6.Be2"]
[ECO "E91"]
[NIC "KI.19"]
[Time "19:12:23"]
[TimeControl "180+0"]

1. d4 Nf6 2. c4 g6 3. Nc3 Bg7 4. e4 d6 5. Nf3 O-O 6. Be2 c6 7. O-O b6 8. Bg5
Bb7 9. e5 dxe5 10. dxe5 Nfd7 11. h3 Re8 12. Bf4 e6 13. Bg5 Qc7 14. Ne4 Nxe5
15. Nxe5 Qxe5 16. Nd6 Na6 17. f4 Qc5+ 18. Kh1 Reb8 19. Ne4 Qf5 20. Nd6 Qc5
21. a3 Bxb2 22. Ra2 Bxa3 23. Qa4 Qxd6 24. Rxa3 Nc5 25. Qc2 Ne4 26. Rd3 Qc5
27. Re3 Qxe3 28. Rf3 Qd4 29. Bh6 c5 30. Kh2 Nf6 31. Rd3 Qe4 32. Bf3 Qf5 33.
Bxb7 Rxb7 34. Rf3 Rd8 35. Qxf5 exf5 36. Bg5 Rd6 37. Re3 Kg7 38. Re1 h6 39.
h4 hxg5 40. hxg5 Ng4+ 41. Kg3 Rbd7 42. Re8 Rd3+ 43. Kh4 Re3 44. g3 Rd1 45.
Rg8+ Kxg8 46. Kh3 Rh1+ 47. Kg2 Rh2+ 48. Kf1 Rf3+ 49. Ke1 Rf1+ 50. Kxf1 Ne3+
{White forfeits on time}
0-1

[Event "ICC Open 2015"]
[Site "Internet Chess Club"]
[Date "2015.05.29"]
[Round "2"]
[White "maly"]
[Black "chessrex"]
[Result "0-1"]
[ICCResult "White forfeits on time"]
[WhiteElo "2617"]
[BlackElo "2106"]
[Opening "Queen's pawn: Charlick (Englund) gambit"]
[ECO "A40"]
[NIC "QO.17"]
[Time "19:12:28"]
[TimeControl "180+0"]

1. d4 e5 2. dxe5 Nc6 3. Nf3 Nge7 4. g3 Ng6 5. Bg5 Be7 6. Bxe7 Qxe7 7. Bg2
Ncxe5 8. O-O O-O 9. Nbd2 d6 10. c3 Rb8 11. Nxe5 dxe5 12. Qc2 c6 13. Rad1 Rd8
14. Nf3 Be6 15. b3 Rxd1 16. Rxd1 Rd8 17. Rd2 Rxd2 18. Qxd2 Qd7 19. Qxd7 Bxd7
20. Kf1 f6 21. Ke1 Kf7 22. Kd2 Bf5 23. e3 Ne7 24. Ne1 Be6 25. Nd3 Bd5 26. e4
Be6 27. Nc5 Bc8 28. b4 b6 29. Nd3 Be6 30. a3 Bc4 31. Ke3 Bxd3 32. Kxd3 Ke6
33. Kc4 Kd6 34. a4 Ng6 35. Bh3 Nf8 36. Bg4 g6 37. h4 Ne6 38. Bxe6 Kxe6 39.
a5 Kd6 40. f3 h6 41. f4 b5+ 42. Kd3 c5 43. Ke3 c4 44. Kf3 Ke6 45. Kg4 h5+
46. Kf3 f5 47. Ke3 a6 48. Kf3 Kf6 49. Ke3 Ke6 50. Kf3 Kf6 51. exf5 Kxf5 52.
fxe5 Kxe5 53. g4 hxg4+ 54. Kxg4 Ke4 55. Kg5 Kd3 56. Kxg6 Kxc3 57. h5 Kxb4
58. h6 c3 59. h7 c2 60. h8=Q c1=Q 61. Qd8 Qc6+ 62. Kf5 Qc5+ 63. Ke4 Qc4+ 64.
Ke3 Qc3+ 65. Ke4 Qe1+ 66. Kf3 Qh1+ 67. Ke3 Qc1+ 68. Ke4 Qc6+ 69. Ke3 Qe6+
70. Kf4 Qc4+ 71. Ke3 Ka4 72. Qd2 b4 73. Qd8 b3 74. Qd2 Qc2 75. Qd4+ Ka3 76.
Qd6+ Ka2 77. Qd5 Qc1+ 78. Ke2 Qc2+ 79. Ke3 Kb1 80. Kf4 b2 81. Qd4 Qc1+ 82.
Ke4 Ka2 83. Qa4+ Kb1 84. Qb3 Qc2+ 85. Qxc2+ Kxc2 86. Kd5 b1=Q 87. Kc6 Qb8
88. Kc5 Kc3 89. Kc6 Kb4 90. Kd7 Kxa5 91. Kc6 Qb6+ 92. Kd7 Kb5 93. Ke8 Qc7
94. Kf8 Kc6 {White forfeits on time} 0-1

[Event "ICC Open 2015"]
[Site "Internet Chess Club"]
[Date "2015.05.29"]
[Round "2"]
[White "HematiteBrown"]
[Black "kurumania"]
[Result "0-1"]
[ICCResult "White resigns"]
[WhiteElo "2115"]
[BlackElo "2771"]
[Opening "Sicilian: Richter-Rauzer, Rauzer attack, 7...a6 defense, 8...Bd7"]
[ECO "B67"]
[NIC "SI.30"]
[Time "19:14:04"]
[TimeControl "180+0"]

1. e4 c5 2. Nf3 Nc6 3. d4 cxd4 4. Nxd4 Nf6 5. Nc3 d6 6. Bg5 e6 7. Qd2 a6 8.
O-O-O Bd7 9. f3 b5 10. g4 h5 11. h3 hxg4 12. fxg4 b4 13. Nce2 Nxe4 14. Bxd8
Nxd2 15. Bc7 Nxf1 16. Rhxf1 Rxh3 17. Nxc6 Bxc6 18. Bxd6 Bf3 19. Nf4 Bxd1 20.
Nxh3 Bxg4 21. Bxf8 Bxh3 22. Rh1 Kxf8 23. Rxh3 Ke7 24. a3 bxa3 25. Rxa3 g5
26. b4 Rb8 27. c3 Rb6 28. Kd2 f5 29. Ke3 e5 30. Ra5 Kf6 31. Rd5 g4 32. Rd8
Rc6 33. Kd3 Kg5 34. c4 g3 35. Rg8+ Kf4 36. c5 Kf3 37. Kc4 e4 38. Kd5 Rc7 39.
c6 e3 40. Kd6 Rxc6+ 41. Kxc6 e2 42. Re8 g2 43. Kb6 g1=Q+ 44. Kxa6 e1=Q
{White resigns}
0-1

[Event "ICC Open 2015"]
[Site "Internet Chess Club"]
[Date "2015.05.29"]
[Round "2"]
[White "TallTower"]
[Black "El-Flippo"]
[Result "1-0"]
[ICCResult "Black checkmated"]
[WhiteElo "1760"]
[BlackElo "1322"]
[Opening "Sicilian: Taimanov variation"]
[ECO "B48"]
[NIC "SI.40"]
[Time "19:13:26"]
[TimeControl "180+0"]

1. e4 c5 2. Nf3 Nc6 3. d4 cxd4 4. Nxd4 Qc7 5. Nc3 e6 6. Be3 d6 7. Qd2 a6 8.
O-O-O Nf6 9. f3 Be7 10. Kb1 O-O 11. g4 Rd8 12. h4 b5 13. g5 b4 14. Nce2 Nd7
15. h5 Nce5 16. Ng3 a5 17. f4 Nc4 18. Bxc4 Qxc4 19. g6 Bb7 20. gxf7+ Kxf7
21. h6 g6 22. Rhf1 Nc5 23. f5 b3 24. fxe6+ Kg8 25. cxb3 Nxb3 26. Nxb3 Bxe4+
27. Ka1 a4 28. Qd4 axb3 29. Qg7# {Black checkmated} 1-0

[Event "ICC Open 2015"]
[Site "Internet Chess Club"]
[Date "2015.05.29"]
[Round "2"]
[White "DarkThrone"]
[Black "CapilanoBridge"]
[Result "0-1"]
[ICCResult "White resigns"]
[WhiteElo "2387"]
[BlackElo "3166"]
[Opening "Queen's pawn: English defense"]
[ECO "A40"]
[NIC "QO.17"]
[Time "19:13:14"]
[TimeControl "180+0"]

1. d4 b6 2. c4 Bb7 3. Nc3 e6 4. e4 Bb4 5. f3 f5 6. exf5 Nh6 7. Bd3 O-O 8.
Ne2 Qh4+ 9. Ng3 exf5 10. O-O Qxd4+ 11. Kh1 Bxc3 12. bxc3 Qf6 13. c5 Nc6 14.
Bc4+ Kh8 15. Bf4 Ne5 16. Bd5 c6 17. Bb3 Ba6 18. Nh5 Qg6 19. Bxe5 Qxh5 20.
Re1 Rad8 21. Bc7 Rde8 22. Qxd7 bxc5 23. Be5 Qg6 24. Bc2 Rd8 25. Qxa7 Rd2 26.
Rg1 Rxc2 27. Qxa6 Nf7 28. Bg3 Ng5 29. Qd3 f4 30. Qxg6 hxg6 31. Be1 Ra8 32.
a4 c4 33. a5 Ra6 34. Bh4 Ne6 35. Be7 c5 36. Rgd1 Rxc3 37. Rd6 Nc7 38. Rb6
Rxa5 39. Rd1 Rd3 40. Re1 Nd5 41. Rbe6 Nxe7 42. Rxe7 c3 43. h4 c2 44. Re8+
Kh7 {White resigns} 0-1

[Event "ICC Open 2015"]
[Site "Internet Chess Club"]
[Date "2015.05.29"]
[Round "2"]
[White "Werewolf"]
[Black "UzbekTiger"]
[Result "0-1"]
[ICCResult "White resigns"]
[WhiteElo "2234"]
[BlackElo "2829"]
[Opening "Scandinavian: Pytel-Wade variation"]
[ECO "B01"]
[NIC "SD.02"]
[Time "19:12:48"]
[TimeControl "180+0"]

1. e4 d5 2. exd5 Qxd5 3. Nc3 Qd6 4. d4 Nf6 5. Bc4 g6 6. Nge2 Bg7 7. Bf4 Qd8
8. Nb5 Na6 9. Nbc3 Nb4 10. Qd2 Bf5 11. Bb3 O-O 12. f3 Nbd5 13. Nxd5 Nxd5 14.
Bh6 c6 15. Bxg7 Kxg7 16. g4 Be6 17. h4 h6 18. O-O-O Qd6 19. a3 Rad8 20. c4
Nf6 21. g5 hxg5 22. hxg5 Nh5 23. Qc3 f6 24. gxf6+ exf6 25. Kb1 Bf5+ 26. Ka1
Rfe8 27. Nc1 Qf4 28. d5 cxd5 29. cxd5 Re3 30. Qc5 b6 31. Qc6 Rc8 32. Qb5 Qd6
33. Nd3 Ng3 34. Rhe1 Bxd3 35. Qa6 Bxa6 36. Rxe3 Nf5 37. Ree1 Rc7 38. Re6 Qd7
39. d6 Rc5 40. Rde1 Re5 41. R1xe5 fxe5 42. Bd5 Bb7 43. Rxe5 Qxd6 44. Bxb7
Qxe5 {White resigns} 0-1

[Event "ICC Open 2015"]
[Site "Internet Chess Club"]
[Date "2015.05.29"]
[Round "2"]
[White "Dlugy"]
[Black "Bagelhead"]
[Result "1-0"]
[ICCResult "Black forfeits on time"]
[WhiteElo "3022"]
[BlackElo "2330"]
[Opening "Catalan: open, 5.Nf3"]
[ECO "E04"]
[NIC "CA.03"]
[Time "19:13:06"]
[TimeControl "180+0"]

1. d4 Nf6 2. c4 e6 3. Nf3 d5 4. g3 dxc4 5. Bg2 a6 6. Ne5 c5 7. Na3 cxd4 8.
Naxc4 Be7 9. Bd2 Nd5 10. Qb3 Nd7 11. Ba5 b6 12. Nc6 Qc7 13. Nxe7 Kxe7 14.
Bxd5 exd5 15. Nxb6 Nxb6 16. Bxb6 Qc4 17. Qa3+ Ke6 18. Rd1 Qb5 19. Bxd4 f6
20. O-O Kf7 21. Rfe1 Be6 22. Bc3 Rhc8 23. Rd4 Rc4 24. Qd6 Rxd4 25. Bxd4 Qd7
26. Qf4 Rc8 27. Qd2 Rc4 28. Rd1 Qc6 29. Bc3 d4 30. Bxd4 Bh3 31. f3 Qe6 32.
Bc3 Rc7 33. Qd5 Rd7 34. Qxe6+ Bxe6 35. Rxd7+ Bxd7 36. e4 Ke6 37. Kf2 g6 38.
Ke3 f5 39. Kf4 fxe4 40. fxe4 Bb5 41. Kg5 Bd3 42. e5 h5 43. Kf4 Bb1 44. a3
Kd5 45. Ke3 Bf5 46. Kf4 Ke6 47. Kg5 Bc2 48. Kh6 Bf5 49. Kg7 Bc2 50. Kf8 Bf5
51. Ke8 Bd3 52. Kd8 Kd5 53. Kd7 Be2 54. Kc7 Bg4 55. Kb6 Be2 56. a4 Ke6 57.
b4 Bd3 58. b5 axb5 59. axb5 {Black forfeits on time} 1-0

[Event "ICC Open 2015"]
[Site "Internet Chess Club"]
[Date "2015.05.29"]
[Round "2"]
[White "gannikus1992"]
[Black "druskacik"]
[Result "0-1"]
[ICCResult "White forfeits on time"]
[WhiteElo "2017"]
[BlackElo "2444"]
[Opening "Nimzo-Indian: 4.e3, main line with 8...Bxc3"]
[ECO "E58"]
[NIC "NI.02"]
[Time "19:12:39"]
[TimeControl "180+0"]

1. d4 Nf6 2. c4 e6 3. Nc3 Bb4 4. e3 O-O 5. Bd3 c5 6. Nf3 d5 7. O-O Nc6 8. a3
Bxc3 9. bxc3 Qc7 10. Bd2 Na5 11. cxd5 exd5 12. Ne5 Re8 13. f4 b6 14. Rf3 c4
15. Bc2 Nb3 16. Rb1 Ne4 17. Bxe4 dxe4 18. Rg3 f6 19. Nxc4 Qxc4 20. Qxb3 Be6
21. Qxc4 Bxc4 22. h4 Kf7 23. Kf2 Re6 24. Rh3 b5 25. g4 Ra6 26. Bc1 Rc8 27.
Rb4 Ra4 28. Rh1 Rxb4 29. axb4 Rc6 30. Rd1 Bd5 31. Bd2 Ra6 32. f5 Ra2 33. Ke1
g6 34. fxg6+ Kxg6 35. Rb1 h5 36. gxh5+ Kxh5 37. Ke2 Bc4+ 38. Ke1 Kxh4 39.
Kd1 Kg3 40. Kc1 Bd3 41. Be1+ Kf3 42. Rb2 Rxb2 43. Kxb2 Kxe3 44. d5 Bc4 45.
d6 Be6 46. Bh4 f5 47. Bf6 f4 48. Bd4+ Ke2 49. Bxa7 f3 50. c4 bxc4 51. b5 e3
52. Bxe3 Kxe3 53. b6 f2 54. b7 c3+ 55. Kxc3 f1=Q 56. d7 Qc1+ 57. Kb4 Qb2+
58. Kc5 Bxd7 59. b8=Q Qxb8 60. Kd5 Qb5+ 61. Kd6 Bg4 62. Ke7 Qc6 63. Kf7 Qe6+
{White forfeits on time}
0-1

[Event "ICC Open 2015"]
[Site "Internet Chess Club"]
[Date "2015.05.29"]
[Round "2"]
[White "ibarra"]
[Black "Cristhian-ator"]
[Result "0-1"]
[ICCResult "White checkmated"]
[WhiteElo "2822"]
[BlackElo "2433"]
[Opening "Scandinavian (center counter) defense"]
[ECO "B01"]
[NIC "SD.02"]
[Time "19:12:46"]
[TimeControl "180+0"]

1. e4 d5 2. exd5 Qxd5 3. Nc3 Qe5+ 4. Be2 c6 5. d4 Qc7 6. Bg5 Bf5 7. Qd2 e6
8. h4 Bb4 9. g4 Be4 10. f3 Bd5 11. a3 Qa5 12. Nh3 Nd7 13. O-O Bxc3 14. bxc3
Nb6 15. Rfb1 h6 16. Bf4 Ne7 17. Rb4 Ng6 18. c4 e5 19. dxe5 Nxf4 20. Qxf4 Be6
21. Nf2 O-O-O 22. Ne4 Kb8 23. Nd6 Qc5+ 24. Kg2 g5 25. Qe4 h5 26. Rd1 hxg4
27. fxg4 Rxh4 28. Qd4 Qxd4 29. Rxd4 c5 30. Rxb6 axb6 31. Re4 Rdh8 32. Bf3
Rh2+ 33. Kg1 Rxc2 34. Bg2 Rh4 35. Re3 Rc1+ 36. Kf2 Rxg4 37. Bf3 Rf4 38. Kg3
Rg1+ 39. Kh2 Rf1 40. Kg3 Rg1+ 41. Kh2 Rc1 42. Kg3 Rc2 43. Ne4 Rf5 44. Nd6
Rf4 45. Bxb7 Rd4 46. Ba6 g4 47. Bb5 Rdd2 48. Ne4 Rg2+ 49. Kh4 g3 50. Nxg3
Rh2+ 51. Kg5 Rcg2 52. Kf6 Rh3 53. Nf5 Rxe3 54. Nxe3 Rf2+ 55. Nf5 Rxf5+ 56.
Ke7 Rxe5 57. Kd6 Re3 58. Bc6 Rxa3 59. Bb5 Rc3 60. Kc6 Ka7 61. Kc7 Rxc4 62.
Bc6 Rd4 63. Bb5 c4 64. Ba4 c3 65. Bc2 Rd2 66. Ba4 c2 67. Bc6 b5 68. Be8
c1=Q+ 69. Bc6 Bd5 70. Kd6 Qxc6+ 71. Ke7 Bc4 72. Kf8 Rd7 73. Kg7 f5+ 74. Kh8
Qc8# {White checkmated} 0-1

[Event "ICC Open 2015"]
[Site "Internet Chess Club"]
[Date "2015.05.29"]
[Round "2"]
[White "alico"]
[Black "nihil95"]
[Result "0-1"]
[ICCResult "White forfeits on time"]
[WhiteElo "1290"]
[BlackElo "1719"]
[Opening "King's pawn opening"]
[ECO "B07"]
[NIC "VO.17"]
[Time "19:13:32"]
[TimeControl "180+0"]

1. e4 d6 2. d4 c6 3. c4 g6 4. Nc3 Bg7 5. g3 Nd7 6. Bg2 Qc7 7. Nge2 Ngf6 8.
O-O O-O 9. f4 e5 10. f5 exd4 11. Nxd4 c5 12. Ndb5 Qd8 13. Nxd6 Ne5 14. Bg5
Qe7 15. Ndb5 Ned7 16. Nd5 Qe5 17. Bf4 Qxb2 18. Ndc7 a6 19. Qa4 axb5 20. Qxa8
Ng4 21. Nxb5 Nde5 22. Bxe5 Bxe5 23. fxg6 Bd4+ 24. Kh1 hxg6 25. h3 Nf2+ 26.
Kh2 Qe2 {White forfeits on time} 0-1

[Event "ICC Open 2015"]
[Site "Internet Chess Club"]
[Date "2015.05.29"]
[Round "2"]
[White "Eros"]
[Black "Nos"]
[Result "1-0"]
[ICCResult "Black forfeits on time"]
[WhiteElo "3043"]
[BlackElo "2339"]
[Opening "French: Winawer, advance, 6...Ne7"]
[ECO "C18"]
[NIC "FR.11"]
[Time "19:12:48"]
[TimeControl "180+0"]

1. e4 e6 2. d4 d5 3. Nc3 Bb4 4. e5 c5 5. a3 Bxc3+ 6. bxc3 Ne7 7. h4 O-O 8.
h5 f6 9. h6 g6 10. exf6 Rxf6 11. Nf3 Nbc6 12. Bg5 Rf7 13. Bd3 Qa5 14. Qd2
Qc7 15. Rh4 Nf5 16. Bxf5 Rxf5 17. Bf4 Qd8 18. Bg3 b6 19. Qe3 Qf6 20. dxc5
bxc5 21. Qxc5 Bd7 22. Rb1 Rc8 23. Qe3 e5 24. Rb7 d4 25. Qe4 Be6 26. Rg7+ Kh8
27. cxd4 exd4 28. Rf4 d3 29. cxd3 Qa1+ 30. Ke2 Qb2+ 31. Nd2 Re5 32. Rf8+
Rxf8 33. Bxe5 Nxe5 34. Rb7 Qa1 35. Rf7 Bg4+ 36. Qxg4 Rxf7 37. Qc8+
{Black forfeits on time}
1-0